 Dungeon Crawl Stone Soup version 0.31.0-9-g3a7656b989 (webtiles) character file.

Game seed: 10404619186175214185

64203 Couri the Warrior (level 15, -19/180 HPs)
             Began as an Oni Warper on Feb 6, 2024.
             Was a High Priest of the Shining One.
             Killed from afar by a gargoyle (26 damage)
             ... with a stone arrow
             ... on level 13 of the Dungeon.
             The game lasted 01:13:31 (23828 turns).

Couri the Warrior (Oni Warper)                     Turns: 23828, Time: 01:13:31

Health: -19/180    AC: 16    Str: 25    XL:     15   Next: 12%
Magic:  24/27      EV: 10    Int: 14    God:    the Shining One [*****.]
Gold:   1371       SH:  5    Dex: 20    Spells: 23/30 levels left

rFire   . . .        e - +4 giant club
rCold   . . .        (shield currently unavailable)
rNeg    + + .        Q - +1 swamp dragon scales
rPois   +            (helmet restricted)
rElec   .            N - +0 cloak {rPois}
rCorr   .            (gloves unavailable)
SInv    .            (boots unavailable)
Will    +....        q - amulet of reflection
Stlth   +            T - +6 ring of dexterity
HPRegen 0.50/turn    r - +6 ring of dexterity
MPRegen 0.20/turn

%: reflection
@: about to teleport, glowing, studying Stealth
A: large, unfitting armour, horns 1, tough skin 1, double potion healing,
drunken brawling, hooves 1, iridescent scales 1
a: Renounce Religion, Divine Shield, Cleansing Flame, Summon Divine Warrior


You were on level 13 of the Dungeon.
You worshipped the Shining One.
The Shining One was extremely pleased with you.
You visited 3 branches of the dungeon, and saw 19 of its levels.

You collected 1371 gold pieces.

Inventory:

Hand Weapons
 e - a +4 giant club (weapon)
 x - the +3 trident of Anguish {antimagic, rF- Str+3 Int+3}
   (You found it on level 5 of the Dungeon)

   Str+3:     It affects your strength (+3).
   Int+3:     It affects your intelligence (+3).
   rF-:       It makes you vulnerable to fire.
 K - a +1 glaive of flaming
Missiles
 d - 7 darts of dispersal
 h - 41 poisoned darts
 H - 10 curare-tipped darts
 J - 8 large rocks
 W - 10 javelins
 Y - 4 atropa-tipped darts
Armour
 L - a +0 troll leather armour
 N - a +0 cloak of poison resistance (worn)
 Q - +1 swamp dragon scales (worn)
Magical Staves
 z - the staff of Drought {rC+ Str+3 Int-3 SInv Ice}
   (You found it on level 5 of the Lair of Beasts)

   [staff of cold]

   Base accuracy: +5 Base damage: 5 Base attack delay: 1.2 This weapon's minimum
   attack delay (0.6) is reached at skill level 12.
   Str+3:     It affects your strength (+3).
   Int-3:     It affects your intelligence (-3).
   rC+:       It protects you from cold.
   SInv:      It lets you see invisible.
   Ice:       It increases the power of your Ice spells.
   It falls into the 'Staves' category.
   It is a one-handed weapon.
Jewellery
 b - a ring of flight
 f - a ring of positive energy
 q - an amulet of reflection (around neck)
 r - a +6 ring of dexterity (right hand)
 t - the ring of the Mage {Wiz Archmagi}
   (You found it on level 4 of the Dungeon)

   [ring of wizardry]

   Wiz:       It improves your spell success rate.
   Archmagi:  It increases the power of your magical spells.
 v - an amulet of regeneration
 w - a ring of wizardry
 O - an amulet of guardian spirit
 T - a +6 ring of dexterity (left hand)
Wands
 s - a wand of roots (14)
 A - a wand of flame (21)
 E - a wand of acid (9)
 M - a wand of polymorph (12)
 U - a wand of digging (14)
Scrolls
 c - 7 scrolls of blinking
 g - a scroll of brand weapon {unknown}
 i - 3 scrolls of amnesia
 j - 2 scrolls of vulnerability
 k - 4 scrolls of noise
 l - 2 scrolls of revelation
 m - 2 scrolls of poison
 n - 3 scrolls of fog
 o - 9 scrolls of teleportation
 u - 2 scrolls of enchant weapon
 y - 3 scrolls of immolation
 D - 5 scrolls of fear
 P - 3 scrolls of identify
 S - a scroll of enchant armour
Potions
 a - a potion of attraction
 p - a potion of brilliance
 B - a potion of lignification {unknown}
 C - 2 potions of might
 F - 2 potions of enlightenment
 G - a potion of mutation
 I - a potion of berserk rage {unknown}
 R - 2 potions of cancellation


   Skills:
 - Level 19.0 Fighting
 - Level 15.0 Maces & Flails
 - Level 1.2 Throwing
 + Level 11.7 Armour
 - Level 2.2 Dodging
 * Level 8.3 Spellcasting
 * Level 7.2 Translocations


You had 23 spell levels left.
You knew the following spells:

 Your Spells              Type           Power      Damage    Failure   Level
a - Blink                 Tloc           52%        N/A       1%          2
b - Lesser Beckoning      Tloc           52%        N/A       1%          2
c - Teleport Other        Tloc           26%        N/A       2%          3

Your spell library contained the following spells:

 Spells                   Type           Power      Damage    Failure   Level
 Apportation              Tloc           52%        N/A       1%          1
 Manifold Assault         Tloc           26%        N/A       9%          4
 Passage of Golubria      Tloc           26%        N/A       9%          4
 Magic Dart               Conj           20%        1d4       17%         1
 Call Imp                 Summ           10%        N/A       26%         2
 Jinxbite                 Hex            10%        N/A       26%         2
 Scorch                   Fire           10%        2d5       26%         2
 Static Discharge         Conj/Air       10%        3-4/arc   26%         2
 Dimensional Bullseye     Hex/Tloc       7%         N/A       36%         4
 Vhi's Electric Charge    Tloc/Air       30%        N/A       36%         4
 Call Canine Familiar     Summ           5%         N/A       45%         3
 Frozen Ramparts          Ice            10%        1d2       45%         3
 Sigil of Binding         Hex            5%         N/A       45%         3
 Summon Ice Beast         Ice/Summ       5%         N/A       45%         3
 Airstrike                Air            2%         2d(1-17)  86%         4
 Flame Wave               Conj/Fire      5%         2d5       86%         4
 Leda's Liquefaction      Alch/Erth      2%         N/A       86%         4
 Petrify                  Alch/Erth      5%         N/A       86%         4
 Summon Lightning Spire   Summ/Air       5%         N/A       86%         4
 Alistair's Intoxication  Alch           3%         N/A       99%         5
 Iskenderun's Battlesphe  Conj           5%         2d6       99%         5
 Lee's Rapid Deconstruct  Erth           2%         3d5*      99%         5
 Metabolic Englaciation   Hex/Ice        2%         N/A       99%         5
 Silence                  Hex/Air        2%         N/A       99%         5
 Summon Mana Viper        Hex/Summ       5%         N/A       99%         5
 Bombard                  Conj/Erth      2%         9d1       100%        6
 Conjure Ball Lightning   Conj/Air       2%         3x3d6     100%        6
 Summon Cactus Giant      Summ           2%         N/A       100%        6
 Monstrous Menagerie      Summ           2%         N/A       100%        7
 Spellforged Servitor     Conj/Summ      2%         N/A       100%        7
 Discord                  Hex            2%         N/A       100%        8
 Disjunction              Tloc           13%        N/A       100%        8
 Lehudib's Crystal Spear  Conj/Erth      2%         10d2      100%        8


Dungeon Overview and Level Annotations

Branches:
Dungeon (13/15)            Temple (1/1) D:6            Lair (5/5) D:11
 Shoals (0/4) Lair:2        Snake (0/4) Lair:2        Slime (0/5) Lair:4
    Orc (0/2) D:12
 Vaults: D:13-14

Altars:
Ashenzari
Cheibriados
Dithmenos
Elyvilon
Fedhas
Gozag
Hepliaklqana
Kikubaaqudgha
Makhleb
Nemelex Xobeh
Okawaru
Qazlal
Ru
Sif Muna
Trog
Uskayaw
Vehumet
Wu Jian
Xom
Yredelemnul
Zin
The Shining One
Ignis

Shops:
D:5 (

Annotations:
D:6 1 transporter, Anaz's ghost, novice DgAE
Lair:3 2 transporters, koorschki's ghost, journeyman DsIE
Lair:5 exclusion: oklob plant


Innate Abilities, Weirdness & Mutations

You are too large for most types of armour.
You have a pair of small horns on your head.
You have tough skin. (AC +1)
You gain doubled healing and magic from potions.
Whenever you drink a healing potion, you attack all around you.
You have large cloven feet.
You are partially covered in iridescent scales. (AC +2)


Message History

Okay, then.
You take a swig of the potion and twirl your +4 giant club.
You barely miss the entropy weaver. You kick the entropy weaver.
You headbutt the entropy weaver!
The entropy weaver is heavily wounded.
You hit the gargoyle but do no damage. You headbutt the gargoyle.
The gargoyle is moderately damaged.
You bludgeon the howler monkey!!
You kill the howler monkey!
You savour every drop.
You feel better.
The gargoyle hurls a stone arrow at you.
The stone arrow misses you. The entropy weaver barely misses you.
The entropy weaver hits you!
* * * LOW HITPOINT WARNING * * *
You block the entropy weaver's attack. The entropy weaver closely misses you.
Blink to where?
Press: ? - help, Dir - move target
As you read the scroll of blinking, it crumbles to dust.
Okay, then.
Press: ? - help, . - travel You can't see that place. [the floor.]
Okay, then.
An unseen horror comes into view.
The unseen horror changes into a blink frog!
As you read the scroll of teleportation, it crumbles to dust.
You feel strangely unstable.
You sock the blink frog!
The blink frog is heavily wounded.
The blink frog hits you but does no damage.
You sock the blink frog! You headbutt the blink frog.
The blink frog is severely wounded.
The blink frog blinks!
The gargoyle hurls a stone arrow at you.
The stone arrow hits you!!
* * * LOW HITPOINT WARNING * * *
The blink frog hits you but does no damage.
The gargoyle hurls a stone arrow at you.
The stone arrow hits you!!
You die...

#...............#
#...............#
#...[.......#####
#...........#
#...9.......#
#...........#
#ยง..........#
#.#'#########
#####@#.#
#...F.#.#
#.....#.#
#.......#
#.###.### #.#...#
# #.### #.# #.#


You could see a blink frog shaped shifter and a gargoyle.

Vanquished Creatures
  Jorgrun (D:13)
  Kirke (Lair:4)
  A minotaur (Lair:1)
  An ice dragon (Lair:4)
  5 hydras
  A rakshasa (D:13)
  3 two-headed ogres
  A catoblepas (Lair:5)
  2 centaur warriors
  4 boulder beetles
  4 death yaks
  Urug (Lair:3)
  A tengu warrior (D:13)
  A fire crab (Lair:5)
  4 skysharks
  A lindwurm (Lair:5)
  A wolf spider (Lair:5)
  An ugly thing (D:13)
  Maurice (D:9)
  2 cyclopes
  A manticore (D:11)
  Joseph (D:9)
  3 black mambas
  10 elephants
  A gargoyle (D:13)
  Jeremiah (D:9)
  Maggie (D:9)
  6 komodo dragons
  9 cane toads
  2 rime drakes
  An unseen horror (D:10)
  A tengu conjurer (D:13)
  3 trolls
  5 hornets (Lair:5)
  6 polar bears
  Prince Ribbit (D:9)
  5 dream sheep (Lair:5)
  18 blink frogs
  A shadow (D:9)
  13 spriggans (Lair:5)
  4 wraiths
  45 yaks
  A vampire (D:10)
  4 wyverns
  4 hogs
  4 basilisks
  A steam dragon (D:10)
  5 vampire mosquitoes
  2 nagas (Lair:2)
  30 water moccasins
  An acid dragon (D:12)
  2 orc warriors (D:12)
  5 black bears
  4 sky beasts
  2 ice beasts
  2 ogres
  4 boggarts (Lair:5)
  35 wolves
  7 centaurs
  A phantom (D:4)
  4 kobold brigands
  16 bullfrogs
  5 scorpions (D:5)
  12 killer bees
  3 howler monkeys
  2 bombardier beetles
  2 hounds
  7 orc priests
  3 iguanas
  A sleepcap (D:6)
  5 orc wizards
  16 hell rats
  Robin (D:4)
  7 adders
  2 shadow imps (D:7)
  3 white imps
  2 ufetubi (D:7)
  4 dart slugs
  2 ribbon worms
  23 orcs
  6 bats
  6 endoplasms
  6 giant cockroaches
  10 goblins (D:4)
  7 hobgoblins
  2 jackals (D:2)
  3 quokkas
  7 ball pythons
  3 frilled lizards
  24 kobolds
  9 rats
492 creatures vanquished.

Vanquished Creatures (collateral kills)
  A manticore (D:13)
  An efreet (D:13)
2 creatures vanquished.

Vanquished Creatures (others)
  A manticore (D:13)
  A human (Lair:4)
2 creatures vanquished.

Grand Total: 496 creatures vanquished

Notes
Turn   | Place    | Note
-------+----------+-------------------------------------------
     0 | D:1      | Couri the Oni Warper began the quest for the Orb.
     0 | D:1      | Reached XP level 1. HP: 22/22 MP: 3/3
    96 | D:1      | Reached XP level 2. HP: 29/29 MP: 5/5
   119 | D:1      | Reached skill level 3 in Fighting
   424 | D:1      | Reached XP level 3. HP: 33/37 MP: 6/6
  1142 | D:2      | Reached XP level 4. HP: 43/48 MP: 7/7
  1145 | D:2      | Reached skill level 1 in Armour
  1675 | D:3      | Reached skill level 4 in Fighting
  2298 | D:3      | Found a basalt altar of Yredelemnul.
  2521 | D:4      | Reached XP level 5. HP: 39/55 MP: 8/8
  2890 | D:4      | Found a snail-covered altar of Cheibriados.
  2903 | D:4      | Reached skill level 5 in Fighting
  3180 | D:4      | Found a shimmering altar of Xom.
  3180 | D:4      | Found an ornate altar of the Wu Jian Council.
  3293 | D:4      | Found the ring of the Mage {Wiz Archmagi}
  3293 | D:4      | Noticed a phantom
  3340 | D:4      | Killed a phantom
  3341 | D:4      | Reached XP level 6. HP: 57/66 MP: 9/9
  3753 | D:4      | Identified the +1 helmet of Xiggular {rN++ Int-2 Dex+4}
  3753 | D:4      | Noticed Robin
  3763 | D:4      | Killed Robin
  3770 | D:4      | Reached skill level 6 in Fighting
  3977 | D:4      | Reached XP level 7. HP: 50/75 MP: 10/10
  4536 | D:5      | Entered Level 5 of the Dungeon
  4593 | D:5      | Found a shadowy altar of Dithmenos.
  4629 | D:5      | Reached skill level 5 in Maces & Flails
  4669 | D:5      | Found Renkai's Weapon Shoppe.
  4680 | D:5      | Identified the +3 trident of Anguish {antimagic, rF- Str+3
                  | Int+3}
  4953 | D:5      | Reached skill level 7 in Fighting
  5328 | D:5      | Reached XP level 8. HP: 86/87 MP: 11/11
  5684 | D:6      | Learned a level 2 spell: Blink
  5693 | D:6      | Reached skill level 8 in Fighting
  6290 | D:6      | Reached skill level 9 in Fighting
  6369 | D:6      | Found a sparkling altar of Nemelex Xobeh.
  6564 | D:6      | Found a staircase to the Ecumenical Temple.
  6573 | Temple   | Entered the Ecumenical Temple
  6584 | Temple   | Became a worshipper of the Shining One
  6637 | D:6      | Found a transporter.
  6638 | D:6      | Noticed Anaz's ghost (novice DgAE)
  6639 | D:6      | Identified the +3 great mace of Context {protect, rF-
                  | Dex+4}
  7091 | D:7      | Reached XP level 9. HP: 88/101 MP: 12/12
  7364 | D:8      | Found a radiant altar of Vehumet.
  7421 | D:8      | Reached skill level 10 in Fighting
  7638 | D:8      | Found a stormy altar of Qazlal.
  7736 | D:7      | Reached skill level 5 in Armour
  7788 | D:7      | Reached skill level 11 in Fighting
  8747 | D:8      | Noticed a boulder beetle
  8761 | D:8      | Killed a boulder beetle
  8762 | D:8      | Reached XP level 10. HP: 29/115 MP: 13/13
  9107 | D:8      | Reached * piety under the Shining One
  9126 | D:8      | Reached skill level 12 in Fighting
  9421 | D:8      | Found a bloodstained altar of Trog.
 10225 | D:9      | Noticed Maurice
 10251 | D:9      | Maurice stole the +3 trident of Anguish {antimagic, rF-
                  | Str+3 Int+3}
 10257 | D:9      | Killed Maurice
 10298 | D:9      | Noticed Joseph
 10302 | D:9      | Noticed Jeremiah
 10330 | D:9      | Killed Joseph
 10331 | D:9      | Reached skill level 13 in Fighting
 10331 | D:9      | Reached skill level 10 in Maces & Flails
 10366 | D:8      | Gained mutation: You are partially covered in iridescent
                  | scales. (AC +2) [potion of mutation]
 10366 | D:8      | Gained mutation: You have large cloven feet. [potion of
                  | mutation]
 10479 | D:8      | Learned a level 2 spell: Lesser Beckoning
 10488 | D:9      | Killed Jeremiah
 10712 | D:9      | Noticed Maggie
 10727 | D:9      | Killed Maggie
 10954 | D:9      | Noticed Prince Ribbit
 10956 | D:9      | Killed Prince Ribbit
 11020 | D:10     | Entered Level 10 of the Dungeon
 11020 | D:10     | Noticed an unseen horror
 11023 | D:10     | Killed an unseen horror
 11024 | D:10     | Reached XP level 11. HP: 118/127 MP: 14/14
 11063 | D:10     | Found a hide-covered altar of Uskayaw.
 11136 | D:10     | Noticed a two-headed ogre
 11143 | D:10     | Killed a two-headed ogre
 11241 | D:10     | Reached skill level 14 in Fighting
 11275 | D:10     | Noticed a two-headed ogre
 11284 | D:10     | Killed a two-headed ogre
 11811 | D:11     | Noticed a manticore
 11820 | D:11     | Killed a manticore
 12334 | D:11     | Found a staircase to the Lair.
 12405 | D:11     | Reached ** piety under the Shining One
 12411 | D:11     | Noticed a boulder beetle
 12433 | D:11     | Killed a boulder beetle
 12869 | Lair:1   | Entered Level 1 of the Lair of Beasts
 12954 | D:11     | Reached skill level 15 in Fighting
 12982 | Lair:1   | Found a runed translucent door.
 13473 | Lair:1   | Reached XP level 12. HP: 129/143 MP: 15/15
 13812 | Lair:1   | Reached *** piety under the Shining One
 14336 | Lair:1   | Noticed a minotaur
 14345 | Lair:1   | Killed a minotaur
 14346 | Lair:1   | Reached skill level 16 in Fighting
 15223 | Lair:2   | Found a staircase to the Shoals.
 15350 | Lair:2   | Found a staircase to the Snake Pit.
 15362 | Lair:2   | Reached skill level 17 in Fighting
 15982 | Lair:2   | Reached XP level 13. HP: 155/157 MP: 16/16
 16270 | Lair:3   | Noticed koorschki's ghost (journeyman DsIE)
 16271 | Lair:3   | Found a transporter.
 16275 | Lair:3   | Found a transporter.
 16761 | Lair:3   | Reached skill level 18 in Fighting
 16862 | Lair:3   | Noticed Urug
 16875 | Lair:3   | Killed Urug
 17494 | Lair:4   | Noticed Kirke
 17498 | Lair:4   | Reached **** piety under the Shining One
 17539 | Lair:4   | Killed Kirke
 17946 | Lair:4   | Found a staircase to the Slime Pits.
 18159 | Lair:4   | Noticed an ice dragon
 18186 | Lair:4   | Killed an ice dragon
 18305 | Lair:4   | Identified the +0 ring mail of the Sailor {Harm *Slow
                  | Int+2}
 18368 | Lair:5   | Entered Level 5 of the Lair of Beasts
 18666 | Lair:5   | Reached skill level 19 in Fighting
 18791 | Lair:5   | Reached skill level 15 in Maces & Flails
 18876 | Lair:5   | Reached skill level 10 in Armour
 18904 | Lair:5   | Reached XP level 14. HP: 74/172 MP: 14/17
 18919 | Lair:5   | HP: 7/172 [poisoned by a water moccasin]
 18924 | Lair:5   | HP: 4/172 [poisoned by a water moccasin]
 19494 | Lair:5   | Learned a level 3 spell: Teleport Other
 20918 | Lair:5   | Identified the staff of Drought {rC+ Str+3 Int-3 SInv Ice}
 20925 | Lair:5   | Reached ***** piety under the Shining One
 20997 | Lair:5   | Reached skill level 5 in Spellcasting
 21330 | Lair:5   | Reached skill level 5 in Translocations
 22438 | D:12     | Found a staircase to the Orcish Mines.
 23316 | D:13     | Noticed Jorgrun
 23325 | D:13     | Killed Jorgrun
 23326 | D:13     | Reached XP level 15. HP: 84/180 MP: 24/26
 23827 | D:13     | HP: 6/180 [gargoyle/stone arrow (19)]
 23828 | D:13     | Killed from afar by a gargoyle

Illustrated notes

Levels and vault maps discovered:
D:1:      dpeg_cavernosity, layout_basic, hex_large
D:2:      layout_basic
D:3:      layout_loops_corners, mainiacjoe_overflow_cross_hatched
D:4:      layout_basic, slow_altar_1, gammafunk_temple_overflow_elements,
          serial_corexii_hall, corexii_hall_statues_i, corexii_hall_statues_s,
          corexii_hall_statues_x, chequers_hall_statues_y, uniq_robin
D:5:      old_forge, layout_basic, lemuel_round_altar, serial_shops,
          kennysheep_little_box
D:6:      kennysheep_spiral_hall, layout_basic, nemelex_spade_bored_becter,
          lemuel_temple_firewalk_b, gammafunk_ghost_smash
D:7:      layout_loops_cross
D:8:      minmay_skewed_foursquare, layout_loops_ring, kennysheep_mini_moat,
          nicolae_overflow_crystal_walls, mainiacjoe_overflow_chevrons
D:9:      layout_long_grid, uniq_maurice, uniq_joseph, uniq_maggie,
          uniq_prince_ribbit1, uniq_jeremiah
D:10:     layout_cave_pools, nicolae_uskayaw_suspiria
D:11:     layout_gridville, david_lair_generic
D:12:     layout_gridville, david_orc_2
D:13:     layout_basic, portal_ice_cave_entry_animals_and_master,
          minmay_circle_x, uniq_jorgrun
Temple:   ebering_untended_altars
Lair:1:   dreamdust_labyrinth, layout_regular_city
Lair:2:   layout_concentric_octagons, elwin_shoals_entry_rocks,
          guppyfry_snake_entry_island, amcnicky_mini_pool_medium
Lair:3:   layout_loops_ring, gauntlet_entry_generic, gammafunk_ghost_arena,
          uniq_urug
Lair:4:   dragon1_lemuel, layout_cave_shapes, slime_entry_1, uniq_kirke
Lair:5:   minmay_lair_end_enchanted_forest, layout_big_grid,
          grunt_forest_small_clearings, nicolae_lair_lil_pond,
          minmay_shattered_shrine

Skill      XL: |  1  2  3  4  5  6  7  8  9 10 11 12 13 14 15 |
---------------+----------------------------------------------+-----
Fighting       | 3 4 5 6 7 9 11 13 15 17 19 | 19.0
Armour         | 1 2 3 4 5 6 7 8 10 11 | 11.7
Maces & Flails | 3 4 5 7 9 10 12 13 15 | 15.0
Translocations | 6 7 |  7.2
Spellcasting   | 7 8 |  8.3
Throwing       | |  1.2
Dodging        | |  2.2

Action                     |  1- 3 |  4- 6 |  7- 9 | 10-12 | 13-15 || total
---------------------------+-------+-------+-------+-------+-------++-------
  Melee: Mace              |    89 |   101 |       |       |       ||   190
         Headbutt          |    10 |    25 |    42 |    80 |   153 ||   310
         Giant club        |       |    41 |   188 |   358 |   543 ||  1130
         Kick              |       |       |       |   111 |   216 ||   327
   Cast: Blink             |       |       |       |     4 |     2 ||     6
         Lesser Beckoning  |       |       |       |     2 |     4 ||     6
 Invoke: Divine Shield     |       |       |       |       |     1 ||     1
         Summon Divine War |       |       |       |       |     1 ||     1
    Use: Scroll            |       |    11 |     4 |     3 |     7 ||    25
         Potion            |       |     2 |     7 |     4 |     7 ||    20
   Stab: Sleeping          |       |     1 |       |       |       ||     1
 Armour: Robe              |    51 |    85 |   172 |    31 |       ||   339
         Troll leather arm |       |       |       |    23 |       ||    23
         Swamp dragon scal |       |       |       |   341 |   590 ||   931
  Dodge: Dodged            |    46 |    55 |   108 |   197 |   271 ||   677
  Block: Other             |       |    15 |    43 |    87 |   133 ||   278
         Reflection        |       |       |     4 |     9 |     1 ||    14
